 Dungeon Crawl Stone Soup version 0.25.0-3-gd7cc5688da (webtiles) character file.

Game seed: 6590888646994250373

317 Froggeryz the Chiller (level 6, -7/51 HPs)
             Began as a Naga Ice Elementalist on June 15, 2020.
             Mangled by an ice beast (11 damage)
             ... on level 4 of the Dungeon.
             The game lasted 00:04:34 (2629 turns).

Froggeryz the Chiller (Naga Ice Elementalist)       Turns: 2629, Time: 00:04:34

Health: -7/51      AC:  3    Str: 11    XL:     6   Next: 44%
Magic:  7/9        EV: 10    Int: 17    God:
Gold:   113        SH:  0    Dex: 11    Spells: 5/9 levels left

rFire    . . .     SeeInvis +   j - +0 hand axe
rCold    . . .     Gourm    .   (no shield)
rNeg     . . .     Faith    .   a - +0 robe
rPois    +         Spirit   .   (no helmet)
rElec    .         Reflect  .   (no cloak)
rCorr    .         Harm     .   (no gloves)
MR       .....                  (no barding)
Stlth    ++........             (no amulet)
HPRegen  0.17/turn              (no ring)
MPRegen  0.11/turn              (no ring)

@: mighty, very slow
A: large, see invisible, deformed body, poison resistance, slowness 2, slow
metabolism 1, spit poison 1, AC +2
a: Spit Poison


You were on level 4 of the Dungeon.
You were hungry.

You visited 1 branch of the dungeon, and saw 4 of its levels.

You collected 113 gold pieces.

Inventory:

Hand Weapons
 j - a +0 hand axe (weapon)
Missiles
 f - 2 throwing nets (quivered)
Armour
 a - a +0 robe (worn)
 v - +0 ice dragon scales
Scrolls
 b - 2 scrolls of enchant armour {unknown}
 e - 2 scrolls of blinking {unknown}
 h - a scroll of fog {unknown}
 i - 2 scrolls of teleportation {unknown}
 k - 3 scrolls of remove curse {unknown}
 m - 2 scrolls of magic mapping {unknown}
 n - 2 scrolls of fear {unknown}
 o - a scroll of immolation {unknown}
 p - 3 scrolls of identify {unknown}
 r - 2 scrolls of enchant weapon {unknown}
 t - a scroll of noise {unknown}
 u - a scroll of amnesia {unknown}
Potions
 d - a potion of cancellation
 g - a potion of brilliance {unknown}
 l - 2 potions of haste
 s - a potion of invisibility {unknown}
 w - a potion of lignification {unknown}
Comestibles
 c - 6 rations
 z - a chunk of flesh


   Skills:
 * Level 1.5 Fighting
 - Level 1.5 Dodging
 - Level 3.0 Stealth
 - Level 2.0 Spellcasting
 + Level 7.3 Ice Magic


You had 5 spell levels left.
You knew the following spells:

 Your Spells              Type           Power        Failure   Level  Hunger
a - Freeze                Ice            ####         1%          1    #......
b - Frozen Ramparts       Ice            ####..       2%          3    ###....

Your spell library contained the following spells:

 Spells                   Type           Power        Failure   Level  Hunger
 Ozocubu's Armour         Chrm/Ice       ##......     13%         3    ###....
 Hailstorm                Conj/Ice       ##......     41%         4    #####..
 Summon Ice Beast         Ice/Summ       ##......     41%         4    #####..


Dungeon Overview and Level Annotations

Branches:
Dungeon (4/15)
 Temple: D:4-7

Altars:
Vehumet


Innate Abilities, Weirdness & Mutations

You cannot wear boots.
Your serpentine skin is tough. (AC +2)
You have supernaturally acute eyesight. (SInv)
Armour fits poorly on your strangely shaped body.
Your system is resistant to poisons. (rPois)
You cover ground very slowly.
You have a slow metabolism.
You can spit poison.


Message History

The ice beast hits you. The ice beast freezes you!
* * * LOW HITPOINT WARNING * * *
The ice beast completely resists.
The wall freezes the ice beast but do no damage.
The ice beast barely misses you.
You barely miss the ice beast.
The ice beast completely resists.
The wall freezes the ice beast but do no damage.
The ice beast hits you.
* * * LOW HITPOINT WARNING * * *
The ice beast freezes you!
* * * LOW HITPOINT WARNING * * *
It was a potion of curing.
You feel better.
The frozen ramparts melt away.
The ice beast hits you.
* * * LOW HITPOINT WARNING * * *
The ice beast freezes you!
* * * LOW HITPOINT WARNING * * *
You feel better. The ice beast hits you.
* * * LOW HITPOINT WARNING * * *
The ice beast freezes you!
You die...

#.....#..............
#####.....#.....#####...
....'.....'......# ..
#####.....#......#
#.....######.# #.....#
#)# #.....# #.# #.....#
#Y# #.....# #@# ###<###
#.# #.# #.# #.# #.# #.#
#.# #######.# #..
........# ### #########


You could see an ice beast.

Vanquished Creatures
  An ogre (D:3)
  Jessica (D:2)
  4 gnolls (D:3)
  7 adders
  2 oozes
  3 worms
  3 dart slugs (D:2)
  4 leopard geckos
  2 orcs (D:4)
  4 ball pythons
  7 bats
  4 giant cockroaches
  7 goblins
  9 hobgoblins
  9 kobolds
  2 quokkas (D:2)
  4 frilled lizards
  14 rats
87 creatures vanquished.

Notes
Turn   | Place    | Note
-------+----------+-------------------------------------------
     0 | D:1      | Froggeryz the Naga Ice Elementalist began the quest for the
                  | Orb.
     0 | D:1      | Reached XP level 1. HP: 15/15 MP: 3/3
   122 | D:1      | Reached XP level 2. HP: 19/22 MP: 0/5
   425 | D:1      | Reached XP level 3. HP: 12/28 MP: 4/6
   434 | D:1      | Learned a level 3 spell: Frozen Ramparts
   471 | D:1      | Reached skill level 5 in Ice Magic
   588 | D:2      | Noticed Jessica
   601 | D:2      | Killed Jessica
   601 | D:2      | Reached XP level 4. HP: 36/36 MP: 1/7
  1096 | D:2      | Reached skill level 6 in Ice Magic
  1269 | D:2      | Reached XP level 5. HP: 35/42 MP: 5/8
  1571 | D:3      | Noticed an ogre
  1578 | D:3      | Killed an ogre
  1578 | D:3      | Reached skill level 7 in Ice Magic
  1578 | D:3      | Reached XP level 6. HP: 38/49 MP: 2/9
  1607 | D:3      | Found a radiant altar of Vehumet.
  1841 | D:3      | Reached skill level 1 in Fighting
  2596 | D:4      | Noticed an ice beast
  2627 | D:4      | HP: 1/51 [ice beast (9)]
  2629 | D:4      | Mangled by an ice beast

Illustrated notes

Levels and vault maps discovered:
D:1:      ebering_trefoil_twist, layout_rooms, minmay_close_crescents
D:2:      layout_basic, first_ration, minmay_small_reverse_x, uniq_jessica
D:3:      layout_basic, lemuel_doored_altar
D:4:      layout_basic, uniq_edmund

Skill      XL: |  1  2  3  4  5  6 |
---------------+-------------------+-----
Ice Magic      | 5 6 7 |  7.3
Fighting       | 1 |  1.5
Dodging        | |  1.5
Stealth        | |  3.0
Spellcasting   | |  2.0

Action                   |  1- 3 |  4- 6 || total
-------------------------+-------+-------++-------
Melee: Unarmed           |     5 |       ||     5
       Hand axe          |    36 |   140 ||   176
 Cast: Freeze            |    16 |    23 ||    39
       Frozen Ramparts   |     2 |     7 ||     9
 Abil: Spit Poison       |     5 |     4 ||     9
  Use: Potion            |       |     5 ||     5
 Stab: Sleeping          |     3 |     3 ||     6
  Eat: Chunk             |       |     6 ||     6
Armor: Robe              |    15 |    32 ||    47
Dodge: Dodged            |    32 |   124 ||   156
